 Dungeon Crawl Stone Soup version 0.30-a0-800-g7c544603b3 (webtiles) character file.

Game seed: 3404720392625593926

7 Pimp the Conjurer (level 1, 0/13 HPs)
             Began as a Demonspawn Conjurer on Feb 21, 2023.
             Slain by a goblin
             ... wielding a +0 dagger
              (2 damage)
             ... on level 1 of the Dungeon.
             The game lasted 00:00:39 (233 turns).

Pimp the Conjurer (Demonspawn Conjurer)              Turns: 233, Time: 00:00:40

Health: 0/13       AC:  3    Str:  7    XL:     1   Next: 83%
Magic:  0/3        EV: 11    Int: 19    God:
Gold:   45         SH:  0    Dex: 11    Spells: 3/4 levels left

rFire   . . .      SeeInvis .    (no weapon)
rCold   . . .      Faith    .    (no shield)
rNeg    . . .      Spirit   .    d - +0 leather armour
rPois   .          Reflect  .    (no helmet)
rElec   .          Harm     .    (no cloak)
rCorr   .          Rampage  .    (no gloves)
Will    .....                    (no boots)
Stlth   ++                       (no amulet)
HPRegen 0.22/turn                (no ring)
MPRegen 0.08/turn                (no ring)

@: no status effects
A: no striking features
a: no special abilities


You were on level 1 of the Dungeon.
You visited 1 branch of the dungeon, and saw 1 of its levels.

You collected 45 gold pieces.

Inventory:

Missiles
 c - 3 datura-tipped darts
Armour
 a - a +0 robe
 d - a +0 leather armour (worn)
Scrolls
 e - a scroll of identify {unknown}
Potions
 b - a potion of magic


   Skills:
 + Level 1.9 Dodging
 + Level 2.0 Stealth
 + Level 2.1 Spellcasting
 + Level 4.1 Conjurations


You had 3 spell levels left.
You knew the following spells:

 Your Spells              Type           Power      Damage    Failure   Level
a - Magic Dart            Conj           68%        1d6       4%          1

Your spell library contained the following spells:

 Spells                   Type           Power      Damage    Failure   Level
 Searing Ray              Conj           34%        2d5       7%          2
 Dazzling Flash           Conj/Hex       18%        N/A       32%         3
 Ensorcelled Hibernation  Hex/Ice        4%         N/A       36%         2
 Spider Form              Tmut/Pois      2%         N/A       58%         3
 Fulminant Prism          Conj/Hex       4%         3d5       71%         4
 Iskenderun's Mystic Bla  Conj/Tloc      9%         2d4       71%         4
 Anguish                  Hex/Necr       1%         N/A       94%         4


Dungeon Overview and Level Annotations

Branches:
Dungeon (1/15)

Altars:


Message History

Confirm with . or Enter, or press ? or * to list all spells.
You don't have enough magic to cast this spell.
Unknown command.
You hit the quokka but do no damage.
The quokka is lightly wounded.
The quokka bites you.
You completely miss the quokka.
The quokka is lightly wounded.
The quokka bites you. The quokka closely misses you.
You closely miss the quokka.
The quokka is lightly wounded.
The quokka bites you.
* * * LOW HITPOINT WARNING * * *
You barely miss the quokka.
The quokka is lightly wounded.
The quokka closely misses you.
You see here a silvery potion.
The quokka attacks as you move away! The quokka closely misses you.
The quokka bites you.
* * * LOW HITPOINT WARNING * * *
The quokka attacks as you move away! The quokka barely misses you.
The quokka closely misses you. The quokka attacks as you move away!
The quokka closely misses you. The quokka attacks as you move away!
The quokka closely misses you. The quokka attacks as you move away!
The quokka misses you. The quokka bites you.
* * * LOW HITPOINT WARNING * * *
Casting: Magic Dart (safe; 4% risk of failure)
Confirm with . or Enter, or press ? or * to list all spells.
Aiming: Magic Dart (safe; 4% risk of failure)
Press: ? - help, Shift-Dir - straight line, f/p - quokka
Aim: a quokka (100% to hit)
The magic dart hits the quokka.
The quokka is severely wounded.
The quokka bites you but does no damage.
You completely miss the quokka.
The quokka is severely wounded.
The quokka misses you. The goblin attacks as you move away!
The goblin hits you with a +0 dagger.
You die...

###....#.# #.#
#......†.###.####
..........g.....#
#.#.##..####.#### #####
#.##..## ### #...#
#......# ♣#.<.#♣
####...##########...###
#.gr.~~##..'.......'
#..@.~~#...'.#####.'
#...#~~##..'.......'
#....#########...###
######..#### ♣#.8.#♣
...........# #...#
#######.##.# ### #####
# #.##.# #.#########
#.##.# #.##.#...).
#.##.###.##.#.....


You could see a quokka and a goblin.

Vanquished Creatures
  A dart slug (D:1)
  A ball python (D:1)
  A bat (D:1)
  A goblin (D:1)
4 creatures vanquished.

Notes
Turn   | Place    | Note
-------+----------+-------------------------------------------
     0 | D:1      | Pimp the Demonspawn Conjurer began the quest for the Orb.
     0 | D:1      | Reached XP level 1. HP: 13/13 MP: 3/3
   233 | D:1      | Slain by a goblin

Illustrated notes

Levels and vault maps discovered:
D:1:      sevenhm_arrival_forest_fort_small_1, layout_loops_ring,
          hangedman_glass_teeth

Skill      XL: |  1 |
---------------+----+-----
Stealth        | 2 |  2.0
Dodging        | |  1.9
Spellcasting   | |  2.1
Conjurations   | |  4.1

Action                     || total
---------------------------++-------
  Melee: Unarmed           ||    13
   Cast: Magic Dart        ||     8
 Armour: Leather armour    ||    10
  Dodge: Dodged            ||    20

Table legend: (Time is in decaauts)
 A = Elapsed time spent in this place.
 B = Non-inter-level travel time spent in this place.
 C = Inter-level travel time spent in this place.
 D = Time resting spent in this place.
 E = Time spent auto-exploring this place.
 F = Levels seen in this place.
 G = Mean time per level.
                   A        B        C        D        E       F      G
               +--------+--------+--------+--------+--------+-----+--------+
         Total |    234 |    234 |      0 |      0 |    157 |   1 |  234.0 |
       Dungeon |    234 |    234 |      0 |      0 |    157 |   1 |  234.0 |
               +--------+--------+--------+--------+--------+-----+--------+

Top non-repeatable levels by time:
     D:1: 234 daAuts
